 Dungeon Crawl Stone Soup version 0.17.1-3-g152610e (webtiles) character file.

105 Jerry the Insei (level 4, -2/29 HPs)
             Began as an Octopode Transmuter on Mar 25, 2016.
             Killed from afar by Jessica (11 damage)
             ... with a wand of magic darts
             ... on level 3 of the Dungeon.
             The game lasted 00:11:08 (2526 turns).

Jerry the Insei (Octopode Transmuter)               Turns: 2526, Time: 00:11:08

Health: -2/29      AC:  1    Str: 15    XL:     4   Next: 81%
Magic:  7/7        EV: 13    Int: 15    God:
Gold:   131        SH:  0    Dex: 12    Spells: 2 memorised, 3 levels left

rFire  . . .     SeeInvis .       - Unarmed
rCold  . . .     Clarity  .     (no shield)
rNeg   . . .     SustAt   .     (helmet restricted)
rPois  .         Gourm    .     k - amulet of resist mutation
rElec  .         Spirit   .     g - ring of protection from magic
rCorr  .         Warding  .     (no ring)
rMut   +         Stasis   .     (no ring)
MR     +....                    (no ring)
Stlth  +++.......               (no ring)
                                (no ring)
                                (no ring)
                                (no ring)

@: mighty, somewhat resistant to hostile enchantments, fairly stealthy
A: almost no armour, amphibious, 8 rings, constrict 8, camouflage 1, gelatinous
body 1
a: no special abilities


You were on level 3 of the Dungeon.
You were not hungry.

You visited 1 branch of the dungeon, and saw 3 of its levels.

You collected 131 gold pieces.

Inventory:

Missiles
 a - 64 arrows
Jewellery
 g - a ring of protection from magic (left tentacle)
 k - an amulet of resist mutation (around mantle)
Scrolls
 l - 2 scrolls of remove curse {unknown}
Potions
 e - a potion of haste
 f - 2 potions of might
 h - 2 potions of heal wounds
 i - a potion of agility
Books
 b - a book of Changes

   Spells                             Type                      Level
   a - Beastly Appendage              Transmutation                1
   b - Sticks to Snakes               Transmutation                2
   c - Spider Form                    Transmutation/Poison         3
   d - Ice Form                       Ice/Transmutation            4
   e - Blade Hands                    Transmutation                5
Comestibles
 c - 3 bread rations
 d - 3 chunks of flesh
 j - a beef jerky


   Skills:
 - Level 2.1 Fighting
 + Level 3.0 Dodging
 + Level 0.8 Stealth
 + Level 3.6 Unarmed Combat
 - Level 2.0 Spellcasting
 + Level 2.9 Transmutations


You had 3 spell levels left.
You knew the following spells:

 Your Spells              Type           Power        Failure   Level  Hunger
a - Beastly Appendage     Trmt           ##....       10%         1    #......
b - Spider Form           Trmt/Pois      #.........   43%         3    ###....


Dungeon Overview and Level Annotations

Branches:
Dungeon (3/15)

Altars:
Qazlal

Annotations:
D:3 HanR's ghost, weakling HuFi; Jessica; Sigmund


Innate Abilities, Weirdness & Mutations

You cannot wear most types of armour.
You are amphibious.
You can wear up to eight rings at the same time.
You can use your tentacles to constrict eight enemies at once.
Your skin changes colour to match your surroundings (Stealth).
Your rubbery body absorbs attacks (AC +1).


Message History

There is an open door here.
You start resting.
Some of the chunks of flesh in your inventory have rotted away.
HP restored.
There is an open door here.
Jessica the Apprentice Sorceress comes into view.
Jessica shouts!
Drink which item? (? for menu, Esc to quit)
You feel very mighty all of a sudden.
Jessica zaps a wand.
The magic dart hits you!
It is a wand of magic darts.
Found a scroll of identify and a ring mail.
Jessica zaps a wand.
The magic dart hits you!
Jessica points at you and mumbles some strange words.
You resist with some effort.
Jessica zaps a wand.
The magic dart hits you!
You closely miss Jessica. Your grab misses Jessica. Jessica misses you.
You barely miss Jessica. You grab Jessica.
You constrict Jessica, but do no damage.
Jessica zaps a wand.
The magic dart hits you!
You die...

##... #..# ##########.#
#####.........>#
#......#########
########......#
#.............#
#.[..@........#########
#.?...@.......'........
#.............#######..
#.............# #..
######........# #..
#........# #..
#........# #(.
#........# #..
#........# #..
######### #..


You could see Jessica.

Vanquished Creatures
  5 adders
  An ooze (D:1)
  A worm (D:2)
  6 ball pythons
  5 bats
  2 giant cockroaches
  5 hobgoblins
  4 jackals (D:1)
  2 giant geckos
  6 giant newts
  7 goblins
  4 kobolds
  4 rats
52 creatures vanquished.

Notes
Turn   | Place    | Note
--------------------------------------------------------------
     0 | D:1      | Jerry the Octopode Transmuter began the quest for the Orb.
     0 | D:1      | Reached XP level 1. HP: 13/13 MP: 3/3
    91 | D:1      | Reached XP level 2. HP: 15/18 MP: 5/5
   553 | D:1      | Reached XP level 3. HP: 23/23 MP: 6/6
   695 | D:1      | Learned a level 3 spell: Spider Form
   827 | D:2      | Found a stormy altar of Qazlal.
  1130 | D:2      | Reached XP level 4. HP: 7/29 MP: 7/7
  1578 | D:2      | Found a faded altar to an unknown god.
  2102 | D:3      | Noticed Sigmund
  2338 | D:3      | Noticed HanR's ghost (weakling HuFi)
  2519 | D:3      | Noticed Jessica
  2526 | D:3      | Killed from afar by Jessica

Action                   |  1- 3 |  4- 6 || total
-------------------------+-------+-------++-------
Melee: Unarmed           |    80 |    44 ||   124
 Cast: Beastly Appendage |     4 |     5 ||     9
  Use: Scroll            |       |     6 ||     6
       Potion            |       |     2 ||     2
 Stab: Sleeping          |     7 |     6 ||    13
  Eat: Chunk             |     1 |     4 ||     5
